 Dungeon Crawl Stone Soup version 0.29.1-13-g9f3cf754e1 (webtiles) character file.

Game seed: 8969650155876584092

123 KittyFluff the Cudgeller (level 5, 0/33 HPs)
             Began as a Gargoyle Berserker on Jan 21, 2023.
             Was a Believer of Trog.
             Slain by a necrophage (5 damage)
             ... on level 3 of the Dungeon.
             The game lasted 00:09:23 (2429 turns).

KittyFluff the Cudgeller (Gargoyle Berserker)       Turns: 2429, Time: 00:09:24

Health: 0/33       AC:  7    Str: 20    XL:     5   Next: 7%
Magic:  5/5        EV: 12    Int:  8    God:    Trog [**....]
Gold:   92         SH:  0    Dex: 11    Spells: 4/4 levels left

rFire   . . .      SeeInvis .   a - +0 mace
rCold   . . .      Faith    .   (no shield)
rNeg    + . .      Spirit   .   b - +0 animal skin
rPois   ∞          Reflect  .   (no helmet)
rElec   +          Harm     .   (no cloak)
rCorr   .          Rampage  .   (no gloves)
Will    .....                   o - +0 pair of boots
Stlth   +.........              (no amulet)
HPRegen 0.11/turn               (no ring)
MPRegen 0.09/turn               (no ring)

@: on berserk cooldown, slowed, very slow
A: sickness immunity, AC +4, negative energy resistance 1, electricity
resistance, torment resistance 1, petrification resistance
a: Renounce Religion, Berserk, Trog's Hand


You were on level 3 of the Dungeon.
You worshipped Trog.
Trog was pleased with you.
You visited 1 branch of the dungeon, and saw 3 of its levels.

You collected 92 gold pieces.

Inventory:

Hand Weapons
 a - a +0 mace (weapon)
 m - a +0 sling
Missiles
 k - 6 boomerangs (quivered)
Armour
 b - a +0 animal skin (worn)
 l - a +0 ring mail
 o - a +0 pair of boots (worn)
 q - a +0 tower shield
Scrolls
 e - a scroll of identify {unknown}
 g - 2 scrolls of immolation {unknown}
 i - a scroll of fear {unknown}
 j - a scroll of noise {unknown}
 n - a scroll of amnesia {unknown}
Potions
 c - 7 potions of curing {unknown}
 d - 3 potions of degeneration {unknown}
 f - a potion of experience {unknown}
 h - a potion of resistance {unknown}
 p - 2 potions of attraction {unknown}
 r - a potion of mutation {unknown}


   Skills:
 + Level 4.0 Fighting
 + Level 4.1 Maces & Flails
 * Level 3.0 Armour
 + Level 2.2 Dodging
 + Level 1.1 Stealth


You had 4 spell levels left.
You didn't know any spells.
Your spell library was empty.

Dungeon Overview and Level Annotations

Branches:
Dungeon (3/15)

Altars:
Sif Muna


Innate Abilities, Weirdness & Mutations

You are immune to sickness and miasma.
Your stone body is resilient. (AC +4)
You are immune to poison.
You resist negative energy. (rN+)
You are resistant to electric shocks. (rElec)
You are resistant to unholy torment.
You are immune to petrification.


Message History

Trog appreciates your killing of a magic user.
Reactivating autopickup.
You feel a bit more experienced.
Your Maces & Flails skill increases to level 4!
Your Armour skill increases to level 3!
You have reached level 5!
A red film seems to cover your vision as you go berserk!
You feel yourself moving faster!
You feel mighty! The orc closely misses you.
A necrophage comes into view.
You hit the orc.
The orc is moderately wounded.
The orc closely misses you.
You hit the orc.
You kill the orc!
Trog accepts your kill.
You sock the orc!
You kill the orc!
Trog accepts your kill.
You start resting.
A necrophage is nearby!
A necrophage is nearby!
A necrophage is nearby!
You feel a strong urge to attack something.
You are no longer berserk.
You are exhausted.
You feel yourself slow down.
You barely miss the necrophage. The necrophage barely misses you.
The necrophage hits you but does no damage.
You hit the necrophage.
The necrophage is lightly damaged.
The necrophage hits you.
* * * LOW HITPOINT WARNING * * *
You hit the necrophage.
The necrophage is moderately damaged.
The necrophage barely misses you. The necrophage hits you.
* * * LOW HITPOINT WARNING * * *
You thump the necrophage!
The necrophage is severely damaged.
The necrophage closely misses you. The necrophage hits you.
You die...

..†.#..<..'.####..#.# ###P #
..#.#.⌠.⌠.#.#.....#.# #.# #
###.##...##.#..÷....# #.# #
#.⌠#####⌠.####..#####.# #
####.......## ##..# #...#########
#..############..)###..........##
..................#.#......>...'.
.....##########...###..........##
##.##### ##@.# #.........##
.......# #n## ####.....##
#.####.# #.# ##...## #.## #.# #.#
##'## ...# #.# ###.## #.# #..#
#.# #....# #.# ...###.# #.##.#
#.# .......# ... #)# ### ##.#####
#.# #)##


You could see a necrophage.

Vanquished Creatures
  Jessica (D:3)
  An orc wizard (D:3)
  An adder (D:2)
  2 dart slugs
  6 orcs (D:3)
  3 bats
  9 endoplasms
  4 giant cockroaches
  2 goblins
  7 hobgoblins
  A quokka (D:1)
  A ball python (D:3)
  2 frilled lizards
  3 kobolds
  9 rats
52 creatures vanquished.

Notes
Turn   | Place    | Note
-------+----------+-------------------------------------------
     0 | D:1      | KittyFluff the Gargoyle Berserker began the quest for the
                  | Orb.
     0 | D:1      | Reached XP level 1. HP: 14/14 MP: 1/1
   124 | D:1      | Reached XP level 2. HP: 15/19 MP: 2/2
   183 | D:1      | Found a faded altar of an unknown god.
   732 | D:2      | Reached XP level 3. HP: 23/24 MP: 3/3
  1275 | D:2      | Reached ** piety under Trog
  1688 | D:3      | Found a shimmering blue altar of Sif Muna.
  1717 | D:3      | Noticed Jessica
  1939 | D:3      | Killed Jessica
  1940 | D:3      | Reached XP level 4. HP: 22/29 MP: 4/4
  2382 | D:3      | Reached skill level 1 in Stealth
  2414 | D:3      | Reached XP level 5. HP: 6/33 MP: 5/5
  2429 | D:3      | Slain by a necrophage

Illustrated notes

Levels and vault maps discovered:
D:1:      minmay_arrival_open_corners, layout_rooms,
          hellmonk_ecumenical_altar_slurped_away
D:2:      layout_loops_corners
D:3:      layout_loops_corners, led_sif_pool, serial_aquarium,
          aquarium_bridge_long_joined [aquarium_subvault_bridge,
          aquarium_subvault_wall, aquarium_subvault_balcony,
          aquarium_subvault_window, aquarium_subvault_bridge,
          aquarium_subvault_bridge], aquarium_window_1, aquarium_window_fake,
          aquarium_view_2d, aquarium_view_2a, aquarium_balcony_double_2,
          st_stairs_13, minmay_misc_feat_enclosed, kennysheep_minor_cross,
          kennysheep_cluttered_room, grunt_ministairs_11, uniq_jessica

Skill      XL: |  1  2  3  4 |
---------------+-------------+-----
Fighting       | 4 |  4.0
Dodging        | 2 |  2.2
Stealth        | 1 |  1.1
Maces & Flails | 4 |  4.1
Armour         | 3 |  3.0

Action                   |  1- 3 |  4- 6 || total
-------------------------+-------+-------++-------
Melee: Mace              |   112 |    59 ||   171
       Punch             |     1 |     2 ||     3
Invok: Berserk           |       |     1 ||     1
Armor: Animal skin       |    30 |    21 ||    51
Dodge: Dodged            |    65 |    26 ||    91
